 Dungeon Crawl Stone Soup version 0.15.1-3-g1b33baa (webtiles) character file.

135 CrazyArbalest the Covered (level 5, -6/36 HPs)
             Began as a Halfling Fighter on Oct 8, 2014.
             Mangled by Sigmund
             ... wielding a +0 scythe
              (9 damage)
             ... on Level 2 of the Dungeon.
             The game lasted 00:07:38 (2051 turns).

CrazyArbalest the Covered (Halfling Fighter)        Turns: 2051, Time: 00:07:39

HP  -6/36        AC  7     Str 16      XL: 5   Next: 42%
MP   5/5         EV 10     Int  7      God:
Gold 91          SH  0     Dex 15      Spells:  0 memorised,  4 levels left

rFire  . . .     SeeInvis .     b - +2 hunting sling (flame)
rCold  . . .     Clarity  .     m - +0 scale mail
rNeg   . . .     rCorr    .     c - +0 buckler
rPois  .         rRot     .     (no helmet)
rElec  .         Spirit   .     (no cloak)
SustAb .         Warding  .     (no gloves)
rMut   .         Stasis   .     (no boots)
Gourm  .                        (no amulet)
MR     .....                    (no ring)
                                (no ring)

@: confused, not resistant to hostile enchantments, extremely unstealthy
A: mutation resistance 1
a: no special abilities


You were on level 2 of the Dungeon.
You were not hungry.

You visited 1 branch of the dungeon, and saw 2 of its levels.

You collected 91 gold pieces.

Inventory:

Hand weapons
 a - a +0 cutlass
 b - a +2 hunting sling of flaming (weapon)
 w - a +0 hunting sling
 y - a +0 hunting sling
Missiles
 n - 23 stones (quivered)
Armour
 c - a +0 buckler (worn)
 m - a +0 scale mail (worn)
Comestibles
 d - a bread ration
 j - a meat ration
 l - a slice of pizza
 o - a rotting chunk of quokka flesh
 p - a chunk of hobgoblin flesh
Scrolls
 f - 3 scrolls of identify {unknown}
 g - a scroll of teleportation {unknown}
 k - a scroll of random uselessness {unknown}
 r - a scroll of remove curse {unknown}
 t - a scroll of recharging {unknown}
 v - a scroll of fear {unknown}
 x - a scroll of magic mapping {unknown}
Jewellery
 i - an uncursed ring of magical power {unknown}
Potions
 e - a potion of might
 h - a potion of agility {unknown}
 s - a potion of brilliance {unknown}


   Skills:
 + Level 3.0 Fighting
 + Level 3.2 Short Blades
 * Level 3.8 Slings
 + Level 4.1 Armour
 + Level 1.6 Dodging
 + Level 0.2 Stealth
 + Level 3.7 Shields


You had 4 spell levels left.
You didn't know any spells.

Dungeon Overview and Level Annotations

Branches:
Dungeon (2/15)

Altars:

Annotations:
D:2 Sigmund


Innate Abilities, Weirdness & Mutations

You are small and have problems with some larger weapons.
You are somewhat resistant to further mutation.


Message History

You shoot a stone.
The stone hits Sigmund but does no damage.
Sigmund is severely wounded.
Firing (i - inventory):
n - 24 stones (quivered)
Press: ? - help, Shift-Dir - straight line, f/p - Sigmund
Aim: Sigmund, wielding a scythe and wearing a robe (severely wounded)
You shoot a stone. The stone barely misses Sigmund.
Sigmund casts a spell at you.
You are confused.
Drink which item? (? for menu, Esc to quit)
Okay, then.
Unknown command.
Sigmund casts a spell at you. The puff of flame hits you!
Sigmund casts a spell at you. The puff of flame hits you!
* * * LOW HITPOINT WARNING * * *
Sigmund hits you but does no damage.
Sigmund hits you from afar with a scythe!
You die...

##.........######.##.#
.....####........(..<#
###### #.#######.####
..# #.# #(# #.# #)#
#.# #.# #.# #(# #.#
##.## #@# #.#
##...######.# #.##
#.........@.#
...####..#.########
........###.#
...####..#.##
#.#####.#.##
........### ..#######
###


You could see Sigmund.

Vanquished Creatures
  2 hounds (D:2)
  An adder (D:2)
  A gnoll (D:2)
  3 worms (D:2)
  A giant cockroach (D:1)
  9 goblins
  4 hobgoblins (D:2)
  2 quokkas (D:2)
  4 bats
  2 giant geckos
  3 giant newts
  3 jackals (D:1)
  3 kobolds
  3 rats
41 creatures vanquished.

Notes
Turn   | Place    | Note
--------------------------------------------------------------
     0 | D:1      | CrazyArbalest, the Halfling Fighter, began the quest for the Orb.
     0 | D:1      | Reached XP level 1. HP: 15/15 MP: 1/1
   238 | D:1      | Reached XP level 2. HP: 18/20 MP: 2/2
   829 | D:2      | Reached XP level 3. HP: 26/26 MP: 3/3
   962 | D:2      | Reached skill level 1 in Dodging
  1012 | D:2      | Noticed Sigmund
  1247 | D:2      | Reached XP level 4. HP: 11/31 MP: 4/4
  1501 | D:2      | Reached skill level 1 in Slings
  1574 | D:2      | Reached skill level 4 in Armour
  1577 | D:2      | Reached XP level 5. HP: 18/36 MP: 5/5
  2051 | D:2      | Mangled by Sigmund

Action                   |  1- 3 |  4- 6 || total
-------------------------+-------+-------++-------
Melee: Cutlass           |    91 |    24 ||   115
 Fire: Hunting sling     |    38 |    59 ||    97
  Eat: Chunk             |     1 |     3 ||     4
